Map: Ulrena

Players

AwesomeSauce

  • Race: Protoss Protoss
  • League: Bronze

juhyg - Winner!

  • Race: Zerg Zerg

VOD

Have the link to the VOD?

Description

Time

  • Played on: Jan. 27, 2016, 5:59 p.m.
  • Length: 10:30
Show
View Real Time Build Order
Export as new Build Order

AwesomeSauce Protoss 

Build Orders: Colossus Rush 

Get SALT Encoding   

  12  0:01  Probe (Chrono Boost)  
  13  0:12  Probe (Chrono Boost)  
  14  0:22  Probe (Chrono Boost)  
  14  0:27  Pylon  
  15  0:42  Assimilator  
  15  0:45  Probe (Chrono Boost)  
  15  0:48  Gateway  
  16  0:55  Probe (Chrono Boost)  
  17  1:06  Probe (Chrono Boost)  
  18  1:17  Probe (Chrono Boost)  
  19  1:19  Assimilator  
  19  1:29  Forge  
  19  1:33  Gateway  
  19  1:39  Assimilator  
  19  1:47  Cybernetics Core  
  19  2:06  Probe (Chrono Boost)  
  20  2:08  Zealot  
  22  2:17  Probe (Chrono Boost)  
  23  2:40  Pylon  
  23  2:58  Probe (Chrono Boost), Stalker, Zealot  
  28  3:07  Robotics Facility  
  28  3:20  Nexus  
  28  3:28  Stalker  
  30  3:46  Stalker  
  31  3:52  Pylon  
  31  4:06  Warp Gate  
  31  4:10  Stalker  
  31  4:12  Robotics Bay, Protoss Ground Weapons Level 1  
  33  4:35  Warp Prism  
  35  4:43  Probe (Chrono Boost)  
  36  4:45  Stalker  
  38  4:53  Probe (Chrono Boost)  
  39  5:14  Pylon  
  39  5:31  Colossus  
  39  5:32  Stalker  
  47  5:44  Gateway  
  47  6:03  Nexus  
  47  6:23  Robotics Facility  
  47  6:52  Pylon  
  47  7:04  Stargate  
  47  7:10  Colossus  
  47  7:14  Colossus  
  59  7:18  Probe (Chrono Boost)  
  60  7:28  Probe (Chrono Boost)  
  61  7:54  Pylon  
  61  7:58  Stargate  
  61  8:00  Fleet Beacon  
  61  8:09  Oracle  
  64  8:17  Assimilator  
  64  8:21  Assimilator  
  64  8:35  Immortal  
  68  9:05  Nexus  
  65  9:36  Colossus  
  63  9:58  Stalker  
  63  9:59  Stalker  
Show
View Real Time Build Order
Export as new Build Order

juhyg Zerg - Winner!

Build Orders: Pool First 

Get SALT Encoding   

  12  0:18  Spawning Pool  
  11  0:22  Drone  
  12  0:34  Drone x2  
  14  0:40  Extractor  
  13  0:43  Overlord  
  13  1:06  Queen  
  15  1:11  Drone x2  
  15  1:12  Drone  
  18  1:53  Hatchery, Zergling x4  
  18  1:54  Zergling x2  
  20  2:09  Lair  
  20  2:19  Metabolic Boost  
  20  2:42  Drone x2, Roach Warren  
  20  2:43  Drone  
  22  2:49  Overlord  
  22  3:04  Spore Crawler  
  21  3:09  Drone, Spore Crawler  
  21  3:20  Drone x2  
  21  3:24  Drone  
  24  3:28  Zergling x2  
  25  3:42  Roach x2  
  25  3:45  Drone  
  30  3:49  Extractor  
  30  3:50  Drone  
  30  4:03  Hydralisk Den  
  30  4:07  Queen  
  31  4:13  Drone  
  31  4:15  Drone  
  32  4:17  Drone  
  33  4:24  Roach  
  33  4:40  Hydralisk  
  33  4:45  Drone  
  36  4:48  Overlord x2  
  36  5:01  Overlord x2  
  36  5:19  Drone x5  
  36  5:20  Drone  
  42  5:37  Muscular Augments  
  42  5:53  Overseer  
  42  5:56  Overseer  
  42  5:59  Hydralisk x2  
  42  6:00  Hydralisk x3  
  42  6:02  Zergling x2  
  53  6:21  Zergling x2  
  53  6:22  Zergling x12  
  53  6:23  Zergling x2  
  61  6:31  Overlord x2  
  61  6:38  Hydralisk x2  
  60  7:04  Roach x5  
  60  7:05  Roach x2  
  74  7:09  Drone x2  
  76  7:38  Hatchery  
  75  7:56  Hydralisk x3  
  75  7:57  Hydralisk  
  83  8:00  Overlord x4  
  83  8:03  Overseer  
  83  8:04  Overseer  
  83  8:13  Lurker Den  
  83  8:23  Infestation Pit  
  82  8:42  Roach x3  
  82  8:43  Roach x2  
  82  8:45  Zergling x8  
  96  8:55  Drone x4  
  99  8:59  Drone  
  101  9:19  Overlord x3  
  101  9:27  Roach x3  
  101  9:28  Roach  
  101  9:30  Zergling x4  
  102  10:05  Zergling x10  
  102  10:06  Zergling x8  
Tags
 
League
Bronze
Matchup
PvZ
Opening
Pool First
Add a new tag
Caveats
  • Supply blocks, unpowered buildings, or Contaminate may cause inaccurate times.
  • Supply counts are checked every 10 seconds.